Map: Hills of Peshkov

Players

Krami

  • Race: Protoss Protoss
  • League: Bronze
  • Spawn Location: 5:00

CaptainT

  • Race: Zerg Zerg
  • Spawn Location: 7:00

Xray

  • Race: Terran Terran
  • Spawn Location: 6:00

JohnMcClane - Winner!

  • Race: Zerg Zerg
  • Spawn Location: 1:00

MadDog - Winner!

  • Race: Zerg Zerg
  • Spawn Location: 12:00

Hindulaatti - Winner!

  • Race: Zerg Zerg
  • Spawn Location: 11:00

VOD

Have the link to the VOD?

Description

Time

  • Played on: Feb. 1, 2016, 10:31 a.m.
  • Length: 13:55
Show
View Real Time Build Order
Export as new Build Order

Krami Protoss 

Build Orders:  

Get SALT Encoding   

  13  0:50  Probe (Chrono Boost)  
  13  0:57  Pylon  
  13  0:59  Pylon  
  13  1:00  Probe (Chrono Boost)  
  13  1:04  Assimilator  
  14  1:09  Assimilator  
  14  1:11  Probe (Chrono Boost)  
  15  1:21  Probe (Chrono Boost)  
  16  1:32  Probe (Chrono Boost)  
  17  1:42  Probe (Chrono Boost)  
  18  2:07  Gateway  
  18  2:09  Gateway  
  18  2:11  Gateway  
  18  2:13  Gateway  
  18  2:15  Gateway  
  18  2:26  Probe (Chrono Boost)  
  19  2:36  Probe (Chrono Boost)  
  20  2:47  Probe (Chrono Boost)  
  21  2:57  Probe (Chrono Boost)  
  22  3:09  Cybernetics Core  
  22  3:19  Pylon  
  22  3:21  Pylon  
  22  3:24  Pylon  
  22  3:28  Pylon  
  22  3:30  Pylon  
  22  4:26  Warp Gate (Chrono Boost)  
  22  4:39  Stalker  
  22  4:41  Stalker x3  
  22  4:42  Stalker  
  32  5:09  Stalker  
  32  5:11  Stalker x4  
  42  5:15  Twilight Council  
  42  5:39  Stalker  
  42  5:41  Stalker x4  
  51  6:15  Blink (Chrono Boost)  
  51  6:22  Stalker x5  
  61  7:07  Dark Shrine  
  61  8:35  Nexus  
  61  9:17  Pylon  
  61  9:21  Pylon  
  61  9:50  Dark Templar  
  61  9:51  Dark Templar x2  
  61  9:52  Dark Templar x2  
  71  10:34  Dark Templar  
  71  10:35  Dark Templar x2  
  75  10:36  Dark Templar x2  
  71  11:22  Dark Templar x2  
  71  11:23  Dark Templar  
  77  11:28  Zealot x2  
  21  12:23  Stalker x2  
  21  12:24  Stalker x2  
  21  12:26  Stalker  
  28  12:50  Stalker x3  
  26  12:51  Stalker  
  26  12:53  Stalker  
Show
View Real Time Build Order
Export as new Build Order

CaptainT Zerg 

Build Orders: Pool First, Muta Ling Bane 

Get SALT Encoding   

  12  0:01  Drone  
  13  0:09  Drone  
  14  0:17  Overlord  
  14  0:36  Drone  
  14  0:37  Drone x2  
  17  0:49  Drone  
  18  0:53  Extractor  
  18  0:56  Extractor  
  16  0:58  Drone  
  16  1:02  Spawning Pool  
  16  1:21  Hatchery  
  16  1:25  Drone  
  16  1:31  Drone  
  16  1:32  Drone  
  18  1:43  Drone  
  19  2:02  Drone  
  19  2:06  Queen  
  22  2:23  Overlord  
  22  2:28  Overlord  
  22  2:33  Overlord  
  22  2:39  Queen  
  22  2:40  Drone  
  22  2:42  Lair  
  26  2:51  Zergling x4  
  27  2:59  Drone x2  
  27  3:02  Drone  
  30  3:14  Drone, Queen  
  34  3:20  Zergling x6  
  36  3:34  Drone x2  
  36  3:38  Drone x3  
  41  3:41  Extractor  
  41  3:42  Extractor  
  39  4:09  Spire  
  38  4:10  Drone  
  38  4:11  Drone x2  
  38  4:13  Drone x2  
  38  4:15  Overlord  
  43  4:17  Drone x2  
  43  4:18  Drone  
  43  4:22  Zergling x2  
  46  4:44  Burrow  
  46  4:45  Pneumatized Carapace  
  46  4:48  Drone x3  
  49  4:54  Drone x3  
  52  5:04  Evolution Chamber, Drone  
  52  5:12  Zergling x4  
  52  5:13  Zergling x4  
  55  5:22  Mutalisk x2  
  59  5:29  Overlord x3  
  59  5:39  Hatchery  
  59  5:41  Extractor  
  57  5:44  Extractor  
  56  5:55  Zerg Flyer Weapons Level 1  
  56  5:57  Zerg Ground Armor Level 1  
  56  5:59  Mutalisk x3  
  62  6:07  Metabolic Boost  
  62  6:14  Drone x3  
  62  6:16  Drone x3  
  68  6:24  Drone x3  
  71  6:33  Baneling Nest  
  70  6:56  Mutalisk x3  
  76  7:20  Mutalisk x3  
  77  7:38  Mutalisk x2  
  81  7:51  Baneling x3  
  81  7:52  Baneling x3  
  81  7:53  Baneling  
  81  8:07  Centrifical Hooks  
  81  8:12  Zergling x8  
  85  8:13  Zergling x8  
  85  8:16  Overlord x3  
  85  8:17  Overlord x4  
  89  8:42  Infestation Pit  
  88  9:04  Zerg Flyer Weapons Level 2  
  88  9:11  Zerg Ground Armor Level 2  
  88  9:15  Baneling x6  
  88  9:16  Baneling x7  
  88  9:28  Drone x3  
  88  9:30  Drone x3  
  66  10:03  Mutalisk x7  
  78  10:08  Mutalisk  
  78  10:12  Zergling x10  
  82  10:15  Zergling x12  
  82  10:16  Zergling x8  
  82  10:20  Zergling x4  
  82  10:21  Zergling x4  
  70  10:50  Mutalisk  
  70  10:51  Mutalisk x3  
  33  11:19  Mutalisk x2  
  33  11:21  Zergling x2  
Show
View Real Time Build Order
Export as new Build Order

Xray Terran 

Build Orders:  

Get SALT Encoding   

  12  0:07  SCV  
  13  0:28  Supply Depot  
  13  0:42  SCV  
  14  0:53  Supply Depot  
  14  0:54  SCV  
  15  1:06  SCV  
  15  1:10  Barracks  
  16  1:25  Barracks  
  16  1:40  SCV  
  17  2:01  Engineering Bay  
  17  2:13  Supply Depot  
  17  2:17  Marine x2  
  19  2:33  Refinery  
  19  2:35  Marine x2  
  21  2:52  Supply Depot  
  21  2:53  Marine x2  
  23  2:58  SCV  
  24  3:10  SCV  
  24  3:11  Marine x2  
  27  3:18  Refinery  
  27  3:23  SCV  
  28  3:29  Marine x2  
  28  3:31  Barracks  
  30  3:46  Marine  
  30  3:47  Marine  
  32  4:04  Marine x2  
  33  4:20  Barracks  
  33  4:22  Marine x2  
  36  4:27  Barracks Tech Lab  
  35  5:08  Barracks Tech Lab  
  35  5:09  Ghost Academy  
  35  5:11  Terran Infantry Weapons Level 1  
  35  5:29  Marauder  
  37  5:36  Marauder  
  39  5:50  Marauder  
  41  5:57  Marauder  
  43  6:12  Personal Cloaking  
  43  6:24  Marauder  
  45  6:27  Marauder  
  47  6:36  Supply Depot  
  47  6:59  Supply Depot, Marine  
  47  7:00  Marine x3  
  51  7:05  Terran Infantry Armor Level 1  
  51  7:17  Marine x3  
  51  7:18  Marine  
  55  7:35  Marine x4  
  59  7:53  Marine x4  
  63  8:02  Supply Depot  
  63  8:27  Supply Depot  
  63  8:54  Ghost x2  
  67  9:11  Marine  
  67  9:12  Marine  
  69  9:22  Ghost  
  69  9:23  Ghost  
  73  9:24  Supply Depot  
  73  9:29  Marine x2  
  75  9:47  Marine x2  
  75  9:50  Supply Depot  
  75  9:51  Marine  
  75  9:52  Marine  
  20  12:23  Marine x4  
  24  12:41  Marine x2  
  22  12:58  Marine  
  22  12:59  Marine  
Show
View Real Time Build Order
Export as new Build Order

JohnMcClane Zerg - Winner!

Build Orders: Pool First 

Get SALT Encoding   

  12  0:01  Drone  
  13  0:08  Drone  
  14  0:14  Extractor  
  14  0:16  Extractor  
  14  0:18  Drone  
  13  0:22  Drone  
  16  0:37  Spawning Pool  
  15  0:44  Overlord  
  15  1:09  Hatchery  
  15  1:10  Extractor  
  15  1:11  Drone  
  14  1:18  Drone  
  15  1:20  Drone  
  16  1:30  Queen  
  18  1:45  Drone  
  19  1:48  Overlord  
  19  1:58  Drone x2  
  21  2:07  Overlord  
  21  2:08  Evolution Chamber  
  20  2:14  Metabolic Boost  
  20  2:26  Queen  
  22  2:32  Drone x2  
  24  2:43  Queen  
  26  2:46  Zergling x2  
  27  2:51  Zergling x2  
  27  2:52  Zergling x2  
  29  3:02  Baneling Nest  
  28  3:20  Zerg Melee Weapons Level 1  
  28  3:27  Zergling x12  
  34  3:35  Overlord  
  34  3:52  Drone x6  
  40  4:09  Lair, Extractor  
  39  4:10  Drone x2  
  39  4:11  Drone  
  42  4:22  Baneling x3  
  42  4:26  Drone x4  
  42  4:29  Extractor  
  42  4:30  Extractor  
  44  4:37  Drone  
  44  4:38  Overlord  
  45  4:43  Evolution Chamber  
  44  4:53  Drone x5  
  49  5:09  Zerg Ground Armor Level 1  
  49  5:13  Infestation Pit  
  48  5:24  Hatchery  
  47  5:34  Zerg Melee Weapons Level 2  
  47  6:00  Pathogen Glands  
  47  6:03  Drone x10  
  56  6:38  Extractor  
  55  6:43  Extractor  
  54  6:48  Drone x9, Overlord  
  54  6:49  Overlord x4  
  63  7:04  Overlord x2  
  63  7:18  Spore Crawler  
  62  7:30  Baneling  
  62  7:32  Infestor x5  
  62  7:34  Baneling  
  62  7:35  Baneling x3  
  72  7:43  Spore Crawler  
  71  7:47  Spore Crawler  
  70  7:51  Spore Crawler x2  
  70  7:53  Infestor x4  
  70  7:54  Spore Crawler  
  70  7:56  Drone x2  
  77  8:08  Drone x4  
  77  8:09  Spore Crawler  
  80  8:26  Drone x4  
  84  8:27  Overlord x2  
  84  8:30  Neural Parasite  
  84  8:34  Drone  
  84  8:35  Drone  
  86  8:46  Hatchery  
  85  8:59  Infestor x5  
  95  9:22  Queen  
  97  9:34  Infestor x2  
  97  9:35  Infestor  
  103  9:39  Hive  
  103  9:41  Zerg Ground Armor Level 2  
  103  9:46  Extractor  
  103  9:48  Extractor  
  103  9:49  Spore Crawler  
  88  10:07  Drone x3  
  88  10:08  Drone x3, Overlord x4  
  94  10:15  Zergling x18  
  103  10:22  Overseer  
  103  10:26  Pneumatized Carapace  
  90  11:00  Zergling x4  
  92  11:14  Overseer  
  92  11:18  Ultralisk Cavern  
  91  11:20  Spine Crawler  
  91  11:21  Spine Crawler x2  
  91  11:22  Drone x7  
  85  11:52  Burrow  
  83  12:05  Chitinous Plating  
  83  12:08  Ultralisk x9  
  137  12:41  Infestor x5  
  147  12:55  Overseer  
  147  13:02  Overseer  
Show
View Real Time Build Order
Export as new Build Order

MadDog Zerg - Winner!

Build Orders: Pool First 

Get SALT Encoding   

  12  0:02  Drone  
  13  0:13  Overlord  
  13  0:17  Drone  
  14  0:27  Extractor  
  13  0:32  Drone x2  
  15  0:47  Drone x2  
  17  0:54  Spawning Pool  
  16  0:58  Drone  
  17  1:16  Drone  
  18  1:21  Drone  
  19  1:38  Hatchery  
  18  1:40  Queen  
  18  1:42  Drone  
  21  1:59  Zergling x2  
  21  2:00  Overlord  
  22  2:03  Metabolic Boost  
  22  2:15  Extractor  
  21  2:17  Drone  
  22  2:35  Zergling x6  
  25  2:43  Lair  
  25  2:50  Overlord  
  25  3:04  Drone  
  25  3:05  Drone  
  27  3:25  Drone  
  27  3:26  Drone x2  
  30  3:31  Queen  
  32  3:34  Zergling x4  
  32  3:35  Zergling x2  
  35  3:54  Drone  
  35  3:55  Drone  
  37  3:57  Zergling x2  
  37  4:01  Overlord  
  37  4:02  Overlord  
  38  4:03  Zergling x6  
  38  4:09  Evolution Chamber  
  40  4:18  Evolution Chamber  
  39  4:24  Zergling x2  
  39  4:25  Zergling x6  
  43  4:52  Zergling x10  
  48  4:58  Drone  
  49  5:01  Drone x3  
  49  5:04  Drone x3  
  56  5:21  Zergling x4  
  56  5:25  Zerg Melee Weapons Level 1  
  56  5:26  Zerg Ground Armor Level 1  
  57  5:57  Drone  
  57  5:58  Drone  
  57  5:59  Drone  
  60  6:04  Extractor  
  59  6:32  Extractor  
  58  6:46  Infestation Pit  
  57  7:02  Drone x3  
  57  7:03  Overlord  
  57  7:04  Overlord x2  
  57  7:07  Overlord  
  57  7:08  Overlord x4  
  60  7:09  Overlord  
  60  7:10  Overlord x4  
  60  7:19  Zerg Missile Weapons Level 1  
  60  7:31  Hatchery  
  59  7:42  Hatchery  
  58  7:46  Hydralisk Den  
  57  7:53  Drone  
  57  7:54  Drone x3  
  57  7:55  Zergling x4  
  63  8:03  Drone x2  
  63  8:04  Drone x3  
  63  8:05  Drone  
  69  8:25  Hydralisk  
  71  8:28  Hydralisk  
  71  8:29  Hydralisk x3  
  79  9:06  Spire  
  78  9:13  Zerg Ground Armor Level 2  
  78  9:17  Hive  
  78  9:19  Muscular Augments  
  78  9:21  Zerg Missile Weapons Level 2  
  66  10:05  Hydralisk  
  66  10:06  Hydralisk x6  
  76  10:07  Hydralisk x6  
  76  10:08  Hydralisk  
  94  10:18  Queen  
  96  10:27  Spore Crawler  
  95  10:35  Spore Crawler  
  72  11:29  Zerg Melee Weapons Level 2  
  68  11:34  Hydralisk x2  
  68  11:35  Hydralisk x7  
  68  11:36  Hydralisk x9  
  103  12:17  Hydralisk  
  103  12:18  Hydralisk x7  
  103  12:19  Hydralisk x7  
  133  12:58  Hatchery  
  142  13:42  Drone  
  142  13:43  Drone  
Show
View Real Time Build Order
Export as new Build Order

Hindulaatti Zerg - Winner!

Build Orders: Hatch First, Lurkers 

Get SALT Encoding   

  12  0:01  Drone  
  13  0:08  Drone  
  14  0:18  Drone, Extractor  
  15  0:26  Overlord  
  15  0:48  Hatchery  
  14  0:52  Drone  
  14  0:55  Drone  
  16  0:59  Drone  
  17  1:05  Drone  
  18  1:19  Drone  
  18  1:21  Spawning Pool  
  18  1:28  Drone  
  19  1:39  Drone  
  20  1:47  Drone  
  21  1:58  Drone  
  21  2:00  Overlord  
  22  2:05  Extractor  
  22  2:08  Queen x2  
  21  2:12  Drone x2  
  27  2:23  Drone x2  
  29  2:34  Drone x2  
  31  2:43  Drone  
  32  2:47  Queen x2  
  36  2:54  Overlord  
  36  3:01  Drone, Extractor  
  36  3:09  Roach Warren  
  36  3:11  Metabolic Boost  
  36  3:12  Drone  
  36  3:13  Drone x3  
  36  3:18  Drone x3  
  36  3:19  Drone  
  43  3:31  Drone  
  43  3:34  Overlord  
  44  3:51  Overlord x2  
  44  4:00  Roach x2  
  44  4:01  Roach x2  
  52  4:14  Overlord  
  52  4:15  Evolution Chamber, Overlord x2  
  52  4:16  Roach x3  
  57  4:17  Evolution Chamber  
  56  4:32  Drone  
  56  4:33  Drone x5  
  56  4:35  Lair, Extractor  
  56  4:37  Extractor  
  60  5:06  Zerg Ground Armor Level 1, Zerg Missile Weapons Level 1  
  60  5:12  Drone  
  60  5:13  Drone x9  
  70  5:40  Overlord x3  
  70  5:41  Roach  
  70  5:42  Roach x6  
  84  6:40  Hatchery  
  83  6:52  Hatchery  
  82  6:58  Roach  
  82  6:59  Roach x15  
  114  7:04  Zerg Ground Armor Level 2, Zerg Missile Weapons Level 2  
  114  7:24  Roach  
  114  7:27  Glial Reconstitution  
  116  7:34  Hydralisk Den  
  116  7:35  Infestation Pit  
  112  8:02  Queen  
  112  8:05  Queen x3  
  114  8:07  Hydralisk, Roach x3  
  114  8:09  Overlord x5  
  114  8:10  Overlord x2  
  114  8:11  Spore Crawler  
  127  8:12  Spore Crawler  
  127  8:13  Spore Crawler  
  127  8:14  Spore Crawler  
  127  8:16  Lurker Den  
  124  8:23  Overseer  
  124  8:37  Queen  
  124  8:41  Queen  
  128  9:25  Hydralisk x6, Roach  
  128  9:26  Hydralisk x4, Roach x7  
  128  9:27  Roach  
  166  9:58  Hydralisk x4  
  166  9:59  Hydralisk x4  
  182  10:14  Overlord  
  182  10:15  Overlord x3  
  182  10:19  Overseer x2  
  182  10:25  Spine Crawler  
  181  10:54  Queen x4  
  181  10:56  Hydralisk  
  191  10:59  Lurker  
  191  11:00  Lurker  
  193  11:20  Drone x5  
  193  11:23  Hydralisk  
  200  11:28  Extractor  
  200  11:29  Extractor  
  200  11:31  Lurker  
  200  11:32  Lurker  
  190  11:45  Overseer, Hive  
  184  12:04  Lurker  
  184  12:05  Lurker x9  
  194  12:11  Hydralisk  
  194  12:12  Hydralisk, Roach x2  
  195  12:52  Lurker  
  195  12:53  Lurker x3  
  199  13:34  Extractor  
  199  13:35  Extractor  
Tags
 
Add a new tag
Caveats
  • Supply blocks, unpowered buildings, or Contaminate may cause inaccurate times.
  • Supply counts are checked every 10 seconds.